AoeStats
← 海峡

Four Lakes

507889015Analyzed
1v1 RM · 13d ago on Sep 20, 2026· 19m 32s· 2 players
Game mode
Random Map
Map size
Tiny (2 player)
Population
200
Speed
Normal
Resources
Standard
Victory
Conquest
Starting age
Dark Age
Ending age
Imperial Age
RankedLock teamsTeams togetherTeam positionsShared explorationLock speedFull tech treeHidden civsTurbo modeCheats
Victory
Defeat
🇨🇴 Japanese · Colombia
1761
+12
🇨🇳 Inca · China
1681
-12
海峡
8:42 Loom
10:47 Feudal Age
11:30 Double-Bit Axe
16:17 Castle Age
14:26 Champi Runner
16:08 Scale Mail Armor
17:00 Champi Warrior
19:26 Forging
Jacko
7:02 Loom
9:16 Feudal Age
9:20 Man-at-Arms
11:27 Double-Bit Axe
13:53 Fletching
14:20 Padded Archer Armor
17:26 Scale Mail Armor
18:29 Scale Mail Armor
21:52 Castle Age
Connection lost

Rejoining the realm…

Still unreachable

The connection could not be restored.

Session expired

The server has moved on; the page needs a fresh start.